Map: Orbital Shipyard

Players

oPZesty

  • Race: Zerg Zerg
  • League: Master

FoxeR - Winner!

  • Race: Terran Terran
  • League: Master

VOD

Have the link to the VOD?

Description

Time

  • Played on: Jan. 18, 2016, 10:57 p.m.
  • Length: 13:35
Show
View Real Time Build Order
Export as new Build Order

oPZesty Zerg 

Build Orders: Hatch First 

Get SALT Encoding   

  12  0:01  Drone  
  13  0:12  Overlord  
  13  0:18  Drone  
  14  0:31  Drone x2  
  14  0:35  Drone  
  17  0:54  Hatchery  
  16  0:58  Drone x2  
  18  1:11  Spawning Pool  
  18  1:16  Drone  
  18  1:23  Drone, Extractor  
  18  1:28  Drone  
  19  1:42  Overlord  
  19  1:55  Drone  
  19  1:58  Queen  
  19  2:01  Zergling x2  
  23  2:06  Zergling x2, Queen  
  26  2:11  Drone  
  27  2:17  Drone  
  28  2:32  Drone x2  
  28  2:33  Drone  
  30  2:39  Hatchery  
  28  2:46  Metabolic Boost  
  28  2:47  Queen  
  28  2:50  Overlord  
  30  3:04  Zergling x2  
  30  3:05  Spine Crawler, Zergling x6  
  33  3:12  Zergling x4  
  35  3:18  Queen  
  35  3:19  Overlord  
  35  3:37  Zergling x4  
  35  3:38  Zergling x2  
  37  3:53  Drone, Queen  
  37  3:55  Drone x3  
  43  3:59  Drone x2  
  43  4:00  Drone x2, Extractor  
  46  4:12  Drone x2  
  47  4:32  Drone x10  
  57  4:41  Lair  
  57  4:55  Evolution Chamber  
  57  4:56  Extractor  
  57  4:57  Extractor  
  57  4:58  Evolution Chamber, Drone x3, Overlord  
  56  5:03  Zergling x4  
  53  5:26  Drone  
  53  5:27  Drone x10, Spine Crawler  
  62  5:33  Drone x4  
  62  5:43  Zergling x6  
  60  5:52  Zergling x2  
  60  5:53  Zergling x6  
  58  6:02  Spine Crawler  
  53  6:05  Zergling x4  
  53  6:06  Zergling x4  
  54  6:21  Zergling x4  
  54  6:22  Zergling x6  
  55  6:33  Zergling x2  
  55  6:34  Zergling x4  
  58  6:40  Roach Warren  
  58  6:44  Zerg Ground Armor Level 1  
  58  6:45  Zerg Melee Weapons Level 1  
  58  6:46  Infestation Pit  
  50  7:04  Drone  
  50  7:05  Drone x8  
  58  7:10  Extractor  
  57  7:25  Hive  
  57  7:30  Baneling Nest  
  57  7:35  Drone x3, Extractor, Queen  
  57  7:36  Extractor  
  59  7:49  Drone x2  
  59  7:50  Drone x4  
  65  7:52  Drone  
  65  7:54  Overlord x3  
  57  8:20  Hatchery, Zergling x2  
  57  8:21  Zergling x24  
  69  8:39  Zergling x2  
  69  8:40  Zergling x10  
  75  8:41  Baneling x2  
  75  8:42  Ultralisk Cavern, Baneling x13  
  74  8:53  Zergling x2  
  74  8:54  Zergling x14  
  82  8:56  Baneling x3  
  82  8:57  Baneling x5  
  82  8:58  Baneling x3  
  82  9:01  Overlord  
  61  9:25  Zergling x2  
  61  9:26  Zergling x18  
  71  9:37  Ultralisk Cavern  
  70  9:43  Overlord  
  67  9:48  Drone x2  
  69  9:53  Zerg Ground Armor Level 2  
  69  9:54  Zerg Melee Weapons Level 2  
  68  10:07  Drone  
  68  10:08  Drone x5  
  74  10:20  Hatchery  
  73  10:25  Chitinous Plating  
  73  10:26  Ultralisk Cavern  
  72  10:33  Ultralisk  
  78  10:45  Overlord x3  
  78  11:03  Ultralisk x2  
  90  11:09  Infestation Pit  
  81  11:22  Ultralisk x2  
  91  11:32  Ultralisk  
  83  11:54  Overlord  
  83  11:55  Overlord x3  
  72  12:12  Overlord x2  
  61  12:39  Drone  
  61  12:40  Drone x6  
  61  12:59  Drone x4  
  61  13:00  Drone x2  
Show
View Real Time Build Order
Export as new Build Order

FoxeR Terran - Winner!

Build Orders: MMM Bio 

Get SALT Encoding   

  12  0:01  SCV  
  13  0:13  SCV  
  14  0:19  Supply Depot  
  14  0:25  SCV  
  15  0:40  SCV  
  15  0:42  Barracks  
  16  0:47  Refinery  
  16  0:52  SCV  
  17  1:04  SCV  
  17  1:10  Barracks  
  18  1:17  SCV  
  19  1:21  Barracks  
  19  1:29  SCV  
  19  1:31  Reaper  
  21  1:43  SCV  
  22  1:47  Refinery  
  22  1:55  SCV  
  23  2:04  Supply Depot  
  23  2:10  Orbital Command  
  23  2:14  Supply Depot  
  23  2:26  Reaper x3  
  26  2:39  SCV  
  27  2:58  Command Center, Reaper x3  
  30  3:02  SCV  
  31  3:10  Supply Depot  
  31  3:14  SCV  
  32  3:30  Reaper x2  
  32  3:32  Reaper  
  34  3:37  SCV  
  33  3:49  SCV  
  33  3:51  Command Center  
  34  4:01  SCV  
  34  4:02  Reaper x2  
  37  4:04  Reaper  
  36  4:33  SCV, Orbital Command  
  40  4:39  Engineering Bay x2  
  40  4:43  Factory, Refinery  
  40  4:48  Barracks Tech Lab  
  40  4:49  Barracks Reactor  
  40  4:51  Barracks Reactor  
  40  4:52  SCV  
  38  4:58  Barracks  
  38  4:59  SCV  
  39  5:00  Barracks  
  39  5:04  SCV  
  40  5:11  SCV  
  41  5:21  Marine  
  41  5:23  Terran Infantry Weapons Level 1, Terran Infantry Armor Level 1, SCV  
  41  5:24  SCV  
  41  5:25  Orbital Command  
  44  5:28  Marine x2  
  44  5:33  Stimpack  
  46  5:39  Marine x2  
  47  5:51  Marine x2  
  47  5:53  Factory Reactor  
  47  5:54  SCV  
  47  5:55  SCV x2  
  52  5:57  Refinery  
  52  5:58  Starport  
  52  6:07  Marine x3  
  52  6:09  Marine  
  55  6:15  Marine  
  55  6:17  SCV  
  57  6:23  SCV  
  57  6:24  SCV, Marine x2  
  61  6:25  Marine  
  61  6:29  SCV  
  61  6:31  Marine  
  64  6:33  Marine  
  64  6:35  Barracks Reactor  
  64  6:36  SCV  
  64  6:37  SCV, Barracks  
  67  6:40  Armory  
  67  6:41  SCV  
  67  6:42  Marine  
  67  6:44  Supply Depot  
  67  6:46  Marine  
  70  6:49  SCV x2  
  70  6:56  Marine  
  70  6:59  Marine  
  71  7:04  Marine  
  71  7:06  Marine  
  71  7:09  Marine  
  71  7:11  Factory Reactor  
  71  7:12  Medivac x2  
  71  7:13  Barracks Reactor, Marine x2  
  71  7:14  SCV x3, Marine  
  81  7:16  Orbital Command, Marine  
  81  7:21  Missile Turret  
  81  7:22  Missile Turret, Marine  
  83  7:23  Supply Depot  
  83  7:26  SCV  
  83  7:27  Marine  
  83  7:29  Barracks Reactor  
  85  7:31  Terran Infantry Weapons Level 2  
  85  7:44  SCV x2, Marine x6, Terran Infantry Armor Level 2  
  93  7:52  Combat Shields, Supply Depot  
  93  7:53  Supply Depot  
  93  7:57  Marine  
  93  7:58  SCV x3  
  97  7:59  Supply Depot  
  97  8:01  Supply Depot  
  97  8:02  Marine  
  97  8:03  Marine  
  99  8:09  Medivac  
  101  8:14  SCV, Medivac, Marine x5  
  109  8:21  Marine x2  
  109  8:24  Supply Depot, Marine x3  
  109  8:25  Marine  
  115  8:28  Widow Mine x2  
  115  8:31  SCV x3, Marine  
  115  8:32  Marine  
  124  8:36  Factory  
  124  8:39  Medivac  
  124  8:40  Supply Depot, Marine  
  127  8:47  Supply Depot  
  127  8:51  Marine x5  
  127  8:55  Marine x2  
  133  8:57  Marine x2, Widow Mine  
  133  9:00  Marine  
  133  9:01  Marine  
  140  9:03  Widow Mine  
  140  9:04  Medivac  
  140  9:07  Refinery  
  140  9:08  Marine  
  140  9:09  Refinery, Marine x3  
  143  9:13  Marine  
  139  9:18  Marine  
  124  9:25  Marine  
  124  9:26  Widow Mine x2, Marine x2  
  124  9:31  Marine x6  
  131  9:32  Widow Mine  
  131  9:36  Marine  
  131  9:38  Marine  
  138  9:43  Marine x3  
  137  9:49  Marine x4  
  137  9:50  Marine x2  
  137  9:51  Medivac  
  142  9:54  Marine  
  142  9:55  Widow Mine x2  
  142  9:58  Medivac  
  149  10:00  Widow Mine  
  149  10:07  SCV  
  150  10:16  Command Center  
  150  10:21  Medivac  
  150  10:22  Terran Infantry Weapons Level 3  
  150  10:23  Widow Mine  
  150  10:25  Supply Depot  
  156  10:31  Factory Tech Lab  
  154  10:38  Supply Depot x2  
  154  10:39  Marine x3  
  157  10:46  Widow Mine  
  157  10:47  Marine x6  
  165  10:52  Terran Vehicle Weapons Level 1  
  165  10:59  Thor, Marine x3  
  171  11:20  Marine x2  
  171  11:22  Marine x2  
  171  11:24  Marine x3  
  171  11:25  Widow Mine, Marine  
  181  11:31  Marine x2  
  181  11:32  Medivac  
  184  11:37  Marine  
  185  11:43  Marine x2  
  185  11:45  Marine  
  157  12:07  Marine  
  157  12:08  Marine  
  145  12:19  Marine  
  145  12:20  Marine x8  
  154  12:24  Marine  
  154  12:25  Marine  
  151  12:37  Marine  
  151  12:38  Marine x5  
  156  12:46  Marine x5  
  160  12:53  Planetary Fortress  
  160  12:55  Marine  
  160  12:56  Marine x5  
  159  13:02  Widow Mine  
  159  13:03  Widow Mine x2  
  159  13:04  Marine x5  
  170  13:09  Barracks x2  
  170  13:10  Barracks x2  
  170  13:13  Marine x6  
Tags
 
Add a new tag
Caveats
  • Supply blocks, unpowered buildings, or Contaminate may cause inaccurate times.
  • Supply counts are checked every 10 seconds.